 Dungeon Crawl Stone Soup version 0.28-a0-1555-g9ae15a6949 (webtiles) character file.

Game seed: 11414830712477910619

8365 Hasart the Grappler (level 11, -3/109 HPs)
             Began as a Troll Monk on Jan 18, 2022.
             Slain by a seven-headed hydra (4 damage)
             ... on level 11 of the Dungeon.
             The game lasted 00:15:27 (8126 turns).

Hasart the Grappler (Troll Monk)                    Turns: 8126, Time: 00:15:28

Health: -3/109     AC:  5    Str: 23    XL:     11   Next: 9%
Magic:  10/10      EV: 12    Int:  6    God:
Gold:   381        SH:  0    Dex: 14    Spells: 10/10 levels left

rFire   + . .      SeeInvis .     - Unarmed
rCold   . . .      Faith    .   (no shield)
rNeg    . . .      Spirit   .   p - +1 robe {Will+}
rPois   .          Reflect  .   (helmet restricted)
rElec   .          Harm     .   (no cloak)
rCorr   .          Rampage  .   (gloves unavailable)
Will    +....                   (boots unavailable)
Stlth   ++........              (no amulet)
HPRegen 1.08/turn               j - ring of protection from fire
MPRegen 0.12/turn               (no ring)

@: no status effects
A: large, unfitting armour, claws 3, regeneration 1, shaggy fur 1, tough skin 1
a: no special abilities


You were on level 11 of the Dungeon.
You visited 2 branches of the dungeon, and saw 12 of its levels.

You collected 496 gold pieces.
You spent 115 gold pieces at shops.

Inventory:

Hand Weapons
 s - a +0 giant spiked club
Missiles
 d - 6 javelins (quivered)
Armour
 a - a +0 robe
 p - a +1 robe of willpower (worn)
 z - a +0 kite shield
Jewellery
 j - a ring of protection from fire (left claw)
 k - a ring of magical power
 D - a +4 ring of evasion
Wands
 B - a wand of iceblast (6)
 F - a wand of flame (11)
 G - a wand of digging (4)
Scrolls
 b - 2 scrolls of fog {unknown}
 c - 13 scrolls of identify {unknown}
 e - 2 scrolls of vulnerability {unknown}
 i - 5 scrolls of teleportation
 o - a scroll of fear {unknown}
 t - 2 scrolls of blinking
 v - a scroll of immolation {unknown}
 w - a scroll of amnesia {unknown}
 x - 2 scrolls of enchant weapon {unknown}
 y - a scroll of magic mapping {unknown}
 C - a scroll of silence {unknown}
 E - 4 scrolls of brand weapon {unknown}
 H - a scroll of summoning {unknown}
 I - a scroll of noise {unknown}
Potions
 f - 4 potions of curing {unknown}
 g - 3 potions of haste {unknown}
 h - 3 potions of might {unknown}
 l - a potion of mutation {unknown}
 m - a potion of lignification {unknown}
 n - 2 potions of resistance {unknown}
 q - 2 potions of magic {unknown}
 r - 3 potions of heal wounds {unknown}
 u - a potion of berserk rage {unknown}
 A - a potion of brilliance {unknown}


   Skills:
 + Level 7.0 Fighting
 + Level 5.4 Throwing
 + Level 6.9 Dodging
 - Level 1.0 Stealth
 + Level 3.2 Shields
 * Level 11.5 Unarmed Combat
 + Level 0.0 Evocations


You had 10 spell levels left.
You didn't know any spells.
Your spell library contained the following spells:

 Spells                   Type           Power      Damage    Failure   Level
 Apportation              Tloc           0%         N/A       45%         1
 Magic Dart               Conj           0%         1d3       45%         1
 Searing Ray              Conj           0%         2d4       58%         2
 Static Discharge         Conj/Air       0%         N/A       58%         2
 Stone Arrow              Conj/Erth      0%         3d7       83%         3
 Animate Armour           Summ/Erth      0%         N/A       99%         4
 Dispel Undead            Necr           0%         3d6       99%         4
 Fulminant Prism          Conj/Hex       0%         3d6       99%         4
 Sticky Flame             Conj/Fire      0%         2d3       99%         4
 Alistair's Intoxication  Tmut/Pois      0%         N/A       100%        5
 Freezing Cloud           Conj/Ice/Air   0%         6-21      100%        5
 Summon Forest            Summ/Tloc      0%         N/A       100%        5
 Eringya's Noxious Bog    Tmut/Pois      0%         N/A       100%        6
 Simulacrum               Ice/Necr       0%         N/A       100%        6
 Summon Hydra             Summ           0%         N/A       100%        7
 Lehudib's Crystal Spear  Conj/Erth      0%         10d2      100%        8
 Polar Vortex             Ice            0%         N/A       100%        9


Dungeon Overview and Level Annotations

Branches:
Dungeon (11/15)            Temple (1/1) D:5            Lair (0/6) D:11
    Orc: D:9-12

Altars:
Ashenzari
Cheibriados
Dithmenos
Elyvilon
Fedhas
Gozag
Hepliaklqana
Kikubaaqudgha
Makhleb
Nemelex Xobeh
Okawaru
Qazlal
Ru
Sif Muna
Trog
Uskayaw
Vehumet
Wu Jian
Xom
Yredelemnul
Zin
The Shining One

Shops:
D:6 ?

Annotations:
D:10 exclusion: ice statue


Innate Abilities, Weirdness & Mutations

You are too large for most types of armour.
You have claws for hands.
Your natural rate of healing is unusually fast.
You are covered in fur. (AC +1)
You have tough skin. (AC +1)


Message History

The mass of ice explodes!
The iceblast engulfs the seven-headed hydra!
The seven-headed hydra is lightly wounded.
You hear two shouts!
The seven-headed hydra closely misses you.
The seven-headed hydra misses you. The seven-headed hydra bites you! x2
The seven-headed hydra bites you. The seven-headed hydra bites you!
The seven-headed hydra bites you.
Unknown command.
Unknown command.
Unknown command.
Aiming: Iceblast
Press: ? - help, Shift-Dir - straight line The mass of ice explodes!
The iceblast engulfs the seven-headed hydra!
The seven-headed hydra is moderately wounded.
The vampire mumbles some strange words.
The vampire flickers and vanishes!
Deactivating autopickup; reactivate with Ctrl-A.
The seven-headed hydra bites you! x2
The seven-headed hydra bites you but does no damage.
The seven-headed hydra bites you!
The seven-headed hydra bites you but does no damage.
The seven-headed hydra bites you. x2
Unknown command.
Aiming: Iceblast
Press: ? - help, Shift-Dir - straight line The mass of ice explodes!
The iceblast engulfs the seven-headed hydra!
The seven-headed hydra is heavily wounded.
The seven-headed hydra bites you! x2
* * * LOW HITPOINT WARNING * * *
The seven-headed hydra bites you.
* * * LOW HITPOINT WARNING * * *
The seven-headed hydra bites you!
* * * LOW HITPOINT WARNING * * *
The seven-headed hydra misses you.
The seven-headed hydra barely misses you.
The seven-headed hydra bites you.
You die...

######### #.......#
#.#####.#
#.#####.################
#.......D...............
#######@##############.#
#.........#.. #.#
#####.#####.#.#.# #.#
#<.........)#.#.########
#.#
#####.#.....#...........
...
#.#.#...#.#...######.#.#
#.#......>..............
#.#.......#.#.########.#
#.#..###..###...(......#


You could see a seven-headed hydra.

Vanquished Creatures
  2 two-headed ogres
  2 cyclopes (D:10)
  2 hornets
  2 vampires
  A wyvern (D:10)
  4 hogs (D:7)
  A human (D:7)
  3 yaks (D:10)
  Grum (D:8)
  2 steam dragons (D:10)
  3 water moccasins (D:7)
  2 ice beasts
  3 orc warriors
  3 black bears
  A necrophage (D:4)
  A sky beast (D:6)
  3 wolves (D:8)
  6 ogres
  3 centaurs
  2 kobold brigands (D:8)
  3 bullfrogs
  A gnoll sergeant (D:9)
  A scorpion (D:4)
  A water moccasin zombie (D:5)
  A water moccasin skeleton (D:6)
  3 killer bees (D:9)
  A jelly (D:7)
  A bullfrog zombie (D:7)
  4 centaur zombies
  11 orc priests
  5 hounds
  Natasha (D:3)
  6 iguanas
  6 orc wizards
  A centaur simulacrum (D:10)
  2 howler monkey zombies
  4 gnolls (D:9)
  3 adders
  A howler monkey skeleton (D:7)
  A white imp (D:5)
  3 ufetubi
  2 adder skeletons
  3 worms
  A dart slug (D:3)
  25 orcs
  3 endoplasms
  6 giant cockroaches
  4 goblins
  3 hobgoblins
  4 quokkas
  2 ball pythons
  6 bats
  2 frilled lizards (D:3)
  16 kobolds
  7 rats
191 creatures vanquished.

Vanquished Creatures (others)
  4 plants (D:11)
4 creatures vanquished.

Grand Total: 195 creatures vanquished

Notes
Turn   | Place    | Note
-------+----------+-------------------------------------------
     0 | D:1      | Hasart the Troll Monk began the quest for the Orb.
     0 | D:1      | Reached XP level 1. HP: 22/22 MP: 0/0
   111 | D:1      | Reached XP level 2. HP: 29/29 MP: 1/1
  1127 | D:2      | Reached skill level 4 in Unarmed Combat
  1127 | D:2      | Reached XP level 3. HP: 31/36 MP: 2/2
  1212 | D:2      | Reached XP level 4. HP: 38/44 MP: 3/3
  1545 | D:4      | Reached XP level 5. HP: 52/53 MP: 4/4
  1841 | D:3      | Noticed Natasha
  1849 | D:3      | Killed Natasha
  2060 | D:4      | Reached skill level 5 in Unarmed Combat
  2271 | D:4      | Reached XP level 6. HP: 58/61 MP: 5/5
  2657 | D:5      | Entered Level 5 of the Dungeon
  2665 | D:4      | Reached skill level 6 in Unarmed Combat
  2665 | D:4      | Reached XP level 7. HP: 68/68 MP: 6/6
  2926 | D:5      | Found a staircase to the Ecumenical Temple.
  2957 | Temple   | Entered the Ecumenical Temple
  3217 | D:5      | Reached skill level 7 in Unarmed Combat
  3227 | D:5      | Reached XP level 8. HP: 19/79 MP: 7/7
  3476 | D:5      | Found a hide-covered altar of Uskayaw.
  3478 | D:5      | Found a sparkling altar of Nemelex Xobeh.
  3751 | D:6      | Reached skill level 1 in Throwing
  3752 | D:6      | Found Cooskuf's Magic Scroll Boutique.
  3803 | D:6      | Bought a scroll of blinking for 82 gold pieces
  3803 | D:6      | Bought a scroll of teleportation for 33 gold pieces
  3841 | D:6      | Found a glowing golden altar of the Shining One.
  3872 | D:6      | You fall into a shaft and drop 2 floors!
  3906 | D:8      | Reached skill level 5 in Fighting
  3906 | D:8      | Reached skill level 8 in Unarmed Combat
  3921 | D:8      | Noticed a hornet
  3927 | D:8      | Killed a hornet
  3928 | D:8      | Reached skill level 5 in Dodging
  4088 | D:7      | Reached XP level 9. HP: 63/88 MP: 8/8
  4289 | D:7      | Reached skill level 9 in Unarmed Combat
  4568 | D:7      | Found a radiant altar of Vehumet.
  4903 | D:8      | Found an opulent altar of Gozag.
  5046 | D:6      | Reached skill level 10 in Unarmed Combat
  5829 | D:8      | Reached XP level 10. HP: 98/98 MP: 9/9
  5834 | D:8      | Reached skill level 1 in Shields
  6023 | D:8      | Noticed Grum
  6033 | D:8      | Killed Grum
  6241 | D:9      | Identified the +4 short sword of Xoezicve {flame, Will-
                  | Str+4 Int+2}
  6256 | D:9      | Noticed a two-headed ogre
  6406 | D:8      | Killed a two-headed ogre
  6908 | D:9      | Found a blossoming altar of Fedhas.
  7090 | D:10     | Entered Level 10 of the Dungeon
  7170 | D:10     | Noticed a cyclops
  7170 | D:10     | Noticed a cyclops
  7221 | D:10     | Reached skill level 5 in Throwing
  7228 | D:10     | Reached skill level 11 in Unarmed Combat
  7337 | D:10     | Killed a cyclops
  7350 | D:10     | Noticed an ice statue
  7433 | D:10     | Killed a cyclops
  7496 | D:10     | Reached XP level 11. HP: 107/107 MP: 10/10
  7916 | D:11     | Found a staircase to the Lair.
  7950 | D:11     | Noticed a two-headed ogre
  8050 | D:11     | Killed a two-headed ogre
  8102 | D:11     | Noticed a seven-headed hydra
  8126 | D:11     | HP: 1/109 [seven-headed hydra (13)]
  8126 | D:11     | Slain by a seven-headed hydra

Illustrated notes

Levels and vault maps discovered:
D:1:      ncdulo_smallfort, layout_rooms
D:2:      layout_loops_corners
D:3:      layout_rooms, uniq_natasha
D:4:      layout_loops_cross
D:5:      layout_basic, minitemple, minmay_temple_entry_glassed_door
D:6:      layout_loops_ring, nicolae_tso_carved_into_rock, serial_shops, shop,
          minmay_misc_feat_pillars
D:7:      layout_basic, nicolae_overflow_hidden_temple, grunt_livestock
D:8:      layout_basic, mainiacjoe_overflow_surrounded_room, uniq_grum
D:9:      layout_rooms, kennysheep_little_box, minmay_misc_feat_four_crosses
D:10:     lemuel_ice_statue, layout_rooms, serial_co_window_serial,
          co_window_paths_b, co_window_paths_a, co_window_paths_a,
          co_window_paths_b, co_window_paths_b, co_window_corner_b,
          co_window_corner_b, co_window_of_opportunity_c, co_window_2corner,
          co_window_cross_4, co_window_paths_e, co_window_4corner_b,
          glass_columns_b, glass_columns_a, glass_columns_a, glass_columns_a,
          glass_columns_a, grunt_tough_drop
D:11:     layout_basic, lair_entry_dummy, david_orc_2, fedhas_ov_isle_minmay,
          uniq_snorg
Temple:   nicolae_temple_elliptical

Skill      XL: |  1  2  3  4  5  6  7  8  9 10 11 |
---------------+----------------------------------+-----
Unarmed Combat | 4 5 6 7 8 10 11 | 11.5
Fighting       | 3 4 5 6 7 |  7.0
Dodging        | 3 4 5 6 |  6.9
Throwing       | 2 4 5 |  5.4
Shields        | 3 |  3.2
Stealth        | |  1.0

Action                   |  1- 3 |  4- 6 |  7- 9 | 10-12 || total
-------------------------+-------+-------+-------+-------++-------
Melee: Unarmed           |    61 |   121 |   266 |   153 ||   601
       Punch             |     1 |     6 |    10 |    11 ||    28
Evoke: Wand              |       |       |       |     3 ||     3
 Stab: Sleeping          |     3 |     4 |     2 |       ||     9
Armor: Robe              |    16 |    33 |    57 |    29 ||   135
Dodge: Dodged            |    27 |    52 |   123 |    71 ||   273

Table legend: (Time is in decaauts)
 A = Elapsed time spent in this place.
 B = Non-inter-level travel time spent in this place.
 C = Inter-level travel time spent in this place.
 D = Time resting spent in this place.
 E = Time spent auto-exploring this place.
 F = Levels seen in this place.
 G = Mean time per level.
                   A        B        C        D        E       F      G
               +--------+--------+--------+--------+--------+-----+--------+
         Total |   8048 |   7679 |    369 |    170 |   5667 |  12 |  670.7 |
       Dungeon |   7871 |   7522 |    349 |    170 |   5524 |  11 |  715.5 |
        Temple |    177 |    157 |     20 |      0 |    143 |   1 |  177.0 |
               +--------+--------+--------+--------+--------+-----+--------+

Top non-repeatable levels by time:
     D:8: 1088 daAuts
     D:7: 954 daAuts
     D:2: 819 daAuts
    D:10: 815 daAuts
     D:6: 811 daAuts
     D:4: 788 daAuts
     D:5: 725 daAuts
     D:9: 583 daAuts
     D:1: 571 daAuts
     D:3: 504 daAuts
    D:11: 207 daAuts
  Temple: 177 daAuts
